AoeStats
← DMacareno95

Black Forest

509962347Analyzed
2v2 RM · 3d ago on Sep 28, 2026· 64m 35s· 4 players
Game mode
Random Map
Map size
Medium (4 player)
Population
200
Speed
Normal
Resources
Standard
Victory
Conquest
Starting age
Dark Age
Ending age
Imperial Age
RankedLock teamsTeams togetherTeam positionsShared explorationLock speedFull tech treeHidden civsTurbo modeCheats
Victory
Defeat
🇪🇸 Khmer · Spain
1004
+14
🇪🇸 Spanish · Spain
962
+15
🇹🇷 Persians · Türkiye
973
-15
🇪🇬 Ethiopians · Egypt
943
-14
Ertugrul
8:31 Loom
13:35 Feudal Age
18:07 Castle Age
16:52 Wheelbarrow
16:03 Horse Collar
16:11 Double-Bit Axe
19:28 Bow Saw
25:52 Hand Cart
25:23 Town Watch
26:47 Squires
26:34 Arson
27:43 Town Patrol
31:29 Imperial Age
29:14 Thumb Ring
29:25 Crossbowman
31:59 Forging
31:39 Fletching
31:50 Padded Archer Armor
31:50 Scale Mail Armor
32:22 Ballistics
31:58 Murder Holes
33:28 Chemistry
32:26 Murder Holes
32:42 Masonry
33:16 Iron Casting
32:56 Gold Mining
33:01 Stone Mining
33:03 Arbalester
34:22 Bodkin Arrow
34:46 Leather Archer Armor
34:49 Chain Mail Armor
35:32 Gold Shaft Mining
35:35 Stone Shaft Mining
35:50 Caravan
36:01 Guilds
36:21 Coinage
37:10 Two-Man Saw
36:14 Heavy Plow
35:55 Halberdier
36:03 Onager
37:55 Fortified Wall
38:21 Architecture
38:21 Torsion Engines
39:21 Banking
38:52 Halberdier
41:04 Bracer
42:04 Blast Furnace
41:35 Plate Mail Armor
41:35 Ring Archer Armor
41:12 Scale Barding Armor
47:20 Devotion
47:15 Herbal Medicine
47:55 Theocracy
47:41 Heresy
55:25 Chain Barding Armor
57:13 Light Cavalry
57:55 Husbandry
57:55 Heavy Camel Rider
57:59 Hussar
58:06 Heavy Camel Rider
62:20 Elite Skirmisher
Morias1stt
0:48 Loom
13:28 Feudal Age
21:30 Castle Age
19:54 Horse Collar
20:05 Double-Bit Axe
20:53 Stone Mining
21:22 Horse Collar
27:00 Gold Mining
28:18 Heavy Plow
33:58 Imperial Age
32:43 Wheelbarrow
31:53 Town Watch
32:37 Bow Saw
32:09 Light Cavalry
32:11 Crossbowman
33:41 Hand Cart
35:19 Chemistry
34:41 Ballistics
34:41 Bloodlines
35:04 Conscription
35:11 Kamandaran
35:17 Hussar
36:13 Caravan
38:06 Two-Man Saw
37:17 Scale Barding Armor
37:24 Forging
39:38 Crop Rotation
39:23 Elite War Elephant
40:55 Thumb Ring
41:01 Husbandry
41:37 Chain Barding Armor
41:18 Padded Archer Armor
41:08 Fletching
41:54 Iron Casting
43:28 Leather Archer Armor
56:37 Pikeman
62:44 Squires
62:04 Halberdier
DMacareno95
0:34 Loom
15:10 Feudal Age
15:54 Double-Bit Axe
18:15 Wheelbarrow
17:35 Horse Collar
22:18 Castle Age
23:41 Bow Saw
23:34 Heavy Plow
23:26 Gold Mining
23:27 Stone Mining
24:28 Hand Cart
27:01 Gold Shaft Mining
27:00 Caravan
28:36 Stone Shaft Mining
30:38 Scale Barding Armor
30:43 Forging
32:33 Fortified Wall
32:45 Ballistics
34:38 Murder Holes
34:58 Masonry
35:12 Tusk Swords
36:30 Chain Barding Armor
36:12 Scale Mail Armor
37:34 Iron Casting
36:49 Fletching
37:04 Padded Archer Armor
40:39 Imperial Age
38:41 Chain Mail Armor
41:14 Heavy Scorpion
41:17 Elite Ballista Elephant
42:32 Hoardings
42:20 Conscription
42:16 Double Crossbow
42:22 Double Crossbow
43:03 Plate Barding Armor
43:29 Blast Furnace
43:12 Architecture
42:50 Siege Engineers
44:40 Architecture
45:11 Chemistry
47:22 Crop Rotation
47:25 Leather Archer Armor
47:06 Bodkin Arrow
48:04 Elite Battle Elephant
48:45 Husbandry
48:55 Bloodlines
60:02 Ring Archer Armor
59:33 Bracer
migueltejera
0:44 Loom
13:14 Feudal Age
13:42 Double-Bit Axe
17:43 Horse Collar
20:24 Gold Mining
23:10 Castle Age
24:51 Wheelbarrow
27:32 Stone Mining
30:58 Stone Shaft Mining
31:09 Hand Cart
31:26 Bow Saw
31:25 Heavy Plow
33:05 Caravan
37:28 Imperial Age
34:46 Town Watch
35:09 Atonement
35:10 Devotion
35:31 Sanctity
35:22 Fervor
35:23 Redemption
36:27 Scale Barding Armor
36:23 Scale Mail Armor
36:34 Forging
36:24 Padded Archer Armor
36:14 Fletching
37:11 Town Patrol
37:13 Herbal Medicine
38:04 Pikeman
38:48 Squires
38:53 Onager
40:12 Coinage
39:52 Guilds
40:07 Chain Barding Armor
40:07 Chain Mail Armor
40:28 Iron Casting
40:07 Halberdier
42:00 Ballistics
42:41 Chemistry
41:51 Fortified Wall
41:37 Murder Holes
41:17 Cavalier
41:58 Husbandry
44:09 Faith
44:14 Illumination
44:05 Block Printing
44:26 Theocracy
46:05 Banking
46:12 Paladin
49:47 Plate Barding Armor
49:43 Plate Mail Armor
50:14 Blast Furnace
49:30 Leather Archer Armor
55:33 Ring Archer Armor
54:59 Bodkin Arrow
Connection lost

Rejoining the realm…

Still unreachable

The connection could not be restored.

Session expired

The server has moved on; the page needs a fresh start.